 Dungeon Crawl Stone Soup version 0.14-a0-1361-g0512ea0 (webtiles) character file.

198 PolkaDot the Cutter (level 4, 0/34 HPs)
             Began as a Vampire Death Knight on Dec 7, 2013.
             Was a Believer of Yredelemnul.
             Slain by an orc wizard
             ... wielding a -1,+1 orcish hand axe
              (7 damage)
             ... on Level 3 of the Dungeon.
             The game lasted 00:07:02 (2045 turns).

PolkaDot the Cutter (Vampire Death Knight)          Turns: 2045, Time: 00:07:03

HP   0/34        AC  3     Str 12      XL: 4   Next: 13%
MP   5/5         EV 11     Int 13      God: Yredelemnul [**....]
Gold 121         SH  0     Dex 14      Spells:  0 memorised,  3 levels left

rFire  . . .     SeeInvis +     a - +1 short sword
rCold  . . .     Clarity  .     b - +0 leather armour
rNeg   + . .     Conserve .     (no shield)
rPois  .         rCorr    .     (no helmet)
rElec  .         rRot     .     (no cloak)
SustAb . .       Spirit   .     (no gloves)
rMut   .         Warding  .     (no boots)
Saprov . . .     Stasis   .     (no amulet)
                                (no ring)
                                (no ring)

@: very slightly contaminated, hasted, very quick, slightly resistant to hostile
enchantments, unstealthy
A: fangs 3, see invisible, unbreathing
a: Bat Form, Animate Remains, Recall Undead Slaves, Injury Mirror, Renounce
Religion


You were on level 3 of the Dungeon.
You worshipped Yredelemnul.
Yredelemnul was pleased with you.
You were not thirsty.

You visited 1 branch of the dungeon, and saw 3 of its levels.

You collected 121 gold pieces.

Inventory:

Hand weapons
 a - a +1,+1 short sword (weapon)
Armour
 b - a +0 leather armour (worn)
Scrolls
 d - 2 scrolls of remove curse {unknown}
 e - a scroll of fog {unknown}
 g - 2 scrolls of identify {unknown}
 h - a scroll of curse jewellery {unknown}
 i - a scroll of enchant armour {unknown}
 j - a scroll of enchant weapon II {unknown}
Potions
 c - a potion of restore abilities


   Skills:
 + Level 2.4 Fighting
 * Level 3.8 Short Blades
 - Level 0.7 Armour
 + Level 2.2 Dodging
 - Level 2.4 Invocations


You had 3 spell levels left.
You didn't know any spells.

Dungeon Overview and Level Annotations

Branches:
Dungeon (3/16)

Altars:


Innate Abilities, Weirdness & Mutations

You have razor-sharp teeth.*
You have supernaturally acute eyesight.
You can survive without breathing.*


Message History

The orc priest hits you but does no damage.
You hit the orc priest but do no damage.
The orc priest is lightly wounded.
Your orc zombie hits the orc priest but does no damage.
You hit the orc priest but do no damage.
The orc priest is lightly wounded.
The orc priest calls down the wrath of Beogh upon you.
Pain shoots through your body!
* * * LOW HITPOINT WARNING * * *
The orc wizard closely misses you.
You hit the orc priest but do no damage.
The orc priest is lightly wounded.
You barely miss the orc priest.
The orc priest is lightly wounded.
The orc priest hits you.
* * * LOW HITPOINT WARNING * * *
Your orc zombie hits the orc priest with an orcish hand axe!
The orc wizard hits you with an orcish hand axe!
You die...
Yredelemnul claims you as an undead slave.

... # #..$.+.... #
#....#.....
#.##....#.)..
.#....##... ..#.. ...
#.#.# #.#
....####z#.###.######
#..goSo@......)....#
#...####o#..##.####.#
......##.# #.###
#.#####.##.# #.#.# ..
#.#.....#.#.### .
#....#.##.#....
......#.##......
#.####..# ########
#... ....<..


You could see an orc priest, an orc wizard (invisible), an adder, an orc, a
hobgoblin and a friendly orc zombie.

Vanquished Creatures
  An adder (D:2)
  A giant mite (D:2)
  A worm (D:2)
  4 orcs (D:3)
  7 bats
  3 hobgoblins
  4 jackals
  A ball python (D:3)
  2 giant cockroaches (D:1)
  A giant newt (D:2)
  4 goblins (D:1)
  4 kobolds
  4 rats
37 creatures vanquished.

Vanquished Creatures (collateral kills)
  An adder (D:2)
  A worm (D:1)
  2 bats (D:1)
4 creatures vanquished.

Vanquished Creatures (others)
  A goblin zombie (D:1)
  An orc zombie (D:3)
2 creatures vanquished.

Grand Total: 43 creatures vanquished

Notes
Turn   | Place    | Note
--------------------------------------------------------------
     0 | D:1      | PolkaDot, the Vampire Death Knight, began the quest for the Orb.
     0 | D:1      | Reached XP level 1. HP: 16/16 MP: 1/1
   119 | D:1      | Reached XP level 2. HP: 17/22 MP: 2/2
   192 | D:1      | Reached skill level 3 in Short Blades
   664 | D:2      | Acquired Yredelemnul's second power
   698 | D:1      | Reached XP level 3. HP: 9/27 MP: 4/4
  1639 | D:2      | Reached XP level 4. HP: 32/34 MP: 5/5
  2045 | D:3      | Slain by an orc wizard

Action                   |  1- 3 |  4- 6 || total
-------------------------+-------+-------++-------
Melee: Short sword       |   126 |    38 ||   164
Invok: Animate Remains   |    12 |     2 ||    14
  Use: Potion            |     3 |     1 ||     4
